 Dungeon Crawl Stone Soup version 0.20.0-7-g3b7b877 (webtiles) character file.

88 MDvedh the Shooter (level 4, -6/39 HPs)
             Began as a Naga Hunter on May 28, 2017.
             Killed by divine providence
             ... invoked by an orc priest
              (15 damage)
             ... on level 3 of the Dungeon on May 29, 2017.
             The game lasted 00:05:03 (2742 turns).

MDvedh the Shooter (Naga Hunter)                    Turns: 2742, Time: 00:05:03

Health: -6/39      AC:  2    Str: 14    XL:     4   Next: 54%
Magic:  4/4        EV:  9    Int: 12    God:
Gold:   66         SH:  0    Dex: 12    Spells: 3/3 levels left

rFire    . . .     SeeInvis +   b - +1 shortbow
rCold    . . .     Gourm    .   (shield currently unavailable)
rNeg     . . .     Faith    .   c - +0 leather armour
rPois    +         Spirit   .   (no helmet)
rElec    .         Reflect  .   (no cloak)
rCorr    .         Harm     .   (no gloves)
MR       .....                  (no barding)
Stlth    +.........             (no amulet)
Regen    0.2/turn               (no ring)
MPRegen  0.1/turn               (no ring)

@: very slow
A: see invisible, deformed body, poison resistance, slowness 2, slow metabolism
1, spit poison 1, AC +1
a: Spit Poison


You were on level 3 of the Dungeon.
You were not hungry.

You visited 1 branch of the dungeon, and saw 3 of its levels.

You collected 66 gold pieces.

Inventory:

Hand Weapons
 a - a +2 short sword of speed
 b - a +1 shortbow (weapon)
 o - a +0 short sword
Missiles
 d - 44 arrows (quivered)
Armour
 c - a +0 leather armour (worn)
Scrolls
 i - a scroll of identify {unknown}
 j - 3 scrolls of remove curse {unknown}
 k - 2 scrolls of blinking {unknown}
 m - a scroll of immolation {unknown}
 p - a scroll of enchant weapon {unknown}
 q - a scroll of teleportation {unknown}
Potions
 e - 2 potions of curing
 h - 2 potions of degeneration {unknown}
 n - 2 potions of heal wounds {unknown}
Comestibles
 f - 3 bread rations
 g - 4 meat rations
 l - a royal jelly
 r - a chunk of flesh


   Skills:
 - Level 2.0 Fighting
 * Level 2.8 Short Blades
 + Level 4.3 Bows
 - Level 1.7 Dodging
 - Level 1.5 Stealth


You had 3 spell levels left.
You didn't know any spells.

Dungeon Overview and Level Annotations

Branches:
Dungeon (3/15)

Altars:


Innate Abilities, Weirdness & Mutations

You cannot wear boots.
Your serpentine skin is tough. (AC +1)
You have supernaturally acute eyesight. (SInv)
Armour fits poorly on your strangely shaped body.
Your system is resistant to poisons. (rPois)
You cover ground very slowly.
You have a slow metabolism.
You can spit poison.


Message History

Firing (i - inventory):
d - 47 arrows (quivered)
Press: ? - help, Shift-Dir - straight line, f/p - orc priest
Aim: an orc priest, wielding a dagger and wearing a chain mail (heavily wounded, poisoned)
You shoot an arrow. The arrow hits the orc priest.
The orc priest is heavily wounded.
Firing (i - inventory):
d - 46 arrows (quivered)
Press: ? - help, Shift-Dir - straight line, f/p - orc priest
Aim: an orc priest, wielding a dagger and wearing a chain mail (severely wounded, poisoned)
You shoot an arrow. The arrow hits the orc priest.
The orc priest is severely wounded.
The orc priest hits you but does no damage.
Firing (i - inventory):
d - 45 arrows (quivered)
Press: ? - help, Shift-Dir - straight line, f/p - orc priest
Aim: an orc priest, wielding a dagger and wearing a chain mail (severely wounded, poisoned)
You shoot an arrow.
The arrow hits the orc priest but does no damage.
The orc priest is severely wounded.
The orc priest mumbles some strange prayers to Beogh against you.
Beogh smites you!
You die...

####.#.#####...#
#.#.# ...#
#.#.#####...#
#...........#
###.#.......######
#.#.#####......#
..#.# ......#
####)#####.......
#.....@.......
#.#####oo..... #.#
.(..### ###
..(.... o.o....
....... .......
.......


You could see an orc priest, an orc wizard and 2 orcs.

Vanquished Creatures
  4 adders (D:2)
  A worm (D:2)
  2 leopard geckos
  An orc (D:3)
  A ball python (D:3)
  3 bats (D:1)
  3 giant cockroaches (D:2)
  6 goblins
  7 hobgoblins
  2 quokkas (D:2)
  4 frilled lizards
  3 kobolds (D:2)
  7 rats
44 creatures vanquished.

Notes
Turn   | Place    | Note
-------+----------+-------------------------------------------
     0 | D:1      | MDvedh the Naga Hunter began the quest for the Orb.
     0 | D:1      | Reached XP level 1. HP: 19/19 MP: 1/1
     0 | D:1      | Upgraded the game from 0.20.0-6-gd3061e9 to 0.20.0-7-g3b7b877
   179 | D:1      | Reached XP level 2. HP: 14/26 MP: 2/2
   343 | D:1      | Reached skill level 4 in Bows
  1101 | D:2      | Reached skill level 1 in Short Blades
  1215 | D:2      | Reached XP level 3. HP: 22/32 MP: 3/3
  1860 | D:2      | Reached XP level 4. HP: 17/39 MP: 4/4
  2742 | D:3      | Killed from afar by an orc priest

Skill      XL: |  1  2  3 |
---------------+----------+-----
Bows           | 4 |  4.3
Short Blades   | 1 2 |  2.8
Fighting       | |  2.0
Dodging        | |  1.7
Stealth        | |  1.5

Action                   |  1- 3 |  4- 6 || total
-------------------------+-------+-------++-------
Melee: Short sword       |   115 |    31 ||   146
 Fire: Shortbow          |     5 |     8 ||    13
 Abil: Spit Poison       |     7 |     4 ||    11
  Use: Potion            |     1 |       ||     1
 Stab: Sleeping          |     3 |       ||     3
  Eat: Chunk             |     2 |     3 ||     5
Armor: Leather armour    |    28 |     1 ||    29
Dodge: Dodged            |    63 |     8 ||    71
